 Dungeon Crawl Stone Soup version 0.29.1-15-g9cfb28693d (webtiles) character file.

Game seed: 17806159926619941683

243 Omnicron the Chopper (level 5, 0/48 HPs)
             Began as a Minotaur Berserker on Mar 4, 2023.
             Was a Believer of Trog.
             Slain by Grinder (8 damage)
             ... on level 5 of the Dungeon.
             The game lasted 00:07:19 (2440 turns).

Omnicron the Chopper (Minotaur Berserker)           Turns: 2440, Time: 00:07:20

Health: 0/48       AC:  4    Str: 24    XL:     5   Next: 82%
Magic:  4/4        EV: 12    Int:  4    God:    Trog [**....]
Gold:   119        SH:  0    Dex:  9    Spells: 4/4 levels left

rFire   . . .      SeeInvis .   a - +0 hand axe
rCold   . . .      Faith    .   (no shield)
rNeg    . . .      Spirit   .   f - +0 leather armour
rPois   .          Reflect  .   (helmet restricted)
rElec   .          Harm     .   l - +0 cloak
rCorr   .          Rampage  .   (no gloves)
Will    .....                   (no boots)
Stlth   +.........              (no amulet)
HPRegen 0.16/turn               (no ring)
MPRegen 0.09/turn               (no ring)

@: on berserk cooldown, slowed, very slow
A: horns 2, retaliatory headbutt
a: Renounce Religion, Berserk, Trog's Hand


You were on level 5 of the Dungeon.
You worshipped Trog.
Trog was pleased with you.
You visited 1 branch of the dungeon, and saw 5 of its levels.

You collected 119 gold pieces.

Inventory:

Hand Weapons
 a - a +0 hand axe (weapon)
Armour
 b - a +0 animal skin
 f - a +0 leather armour (worn)
 l - a +0 cloak (worn)
Scrolls
 c - a scroll of teleportation {unknown}
 d - 4 scrolls of identify {unknown}
 j - a scroll of brand weapon {unknown}
 k - a scroll of enchant armour {unknown}
 o - a scroll of vulnerability {unknown}
 p - 3 scrolls of butterflies {unknown}
 q - a scroll of blinking {unknown}
Potions
 e - a potion of magic
 g - 3 potions of curing {unknown}
 h - a potion of brilliance {unknown}
 i - a potion of berserk rage {unknown}
 m - a potion of mutation {unknown}
 n - 2 potions of cancellation {unknown}


   Skills:
 + Level 5.0 Fighting
 + Level 5.0 Axes
 + Level 4.2 Armour
 + Level 3.9 Dodging


You had 4 spell levels left.
You didn't know any spells.
Your spell library was empty.

Dungeon Overview and Level Annotations

Branches:
Dungeon (6/15)
 Temple: D:4-7

Altars:

Annotations:
D:5 Grinder


Innate Abilities, Weirdness & Mutations

You have a pair of horns on your head.
You reflexively headbutt those who attack you in melee.


Message History

You feel your anger nearly subside.
You are no longer berserk.
You are exhausted.
You feel yourself slow down.
Found a stone staircase leading down.
You now have 111 gold pieces (gained 12).
You now have 119 gold pieces (gained 8).
Grinder comes into view.
Grinder blinks!
Grinder gestures at you. Pain shoots through your body!
Grinder blinks!
Grinder says, "FISH!"
Grinder gestures at you.
You suddenly lose the ability to move!
Grinder hits you but does no damage. Grinder gestures at you.
Pain shoots through your body!
Grinder says, "Don't move a muscle."
Grinder hits you.
You can move again.
You hit Grinder.
Grinder is lightly wounded.
Grinder hits you.
You writhe in agony.
Grinder gestures at you. You resist with significant effort.
You completely miss Grinder.
Grinder is lightly wounded.
Grinder hits you.
You writhe in agony.
You hit Grinder.
Grinder is lightly wounded.
Grinder closely misses you. You furiously retaliate!
You headbutt Grinder! Grinder hits you.
You hit Grinder.
Grinder is heavily wounded.
Grinder hits you but does no damage. Grinder hits you.
* * * LOW HITPOINT WARNING * * *
You writhe in agony.
* * * LOW HITPOINT WARNING * * *
It was a potion of magic.
Magic courses through your body. Grinder hits you!
You die...

###)...# ##......#
####### ##.......#
###..##.# ###......^..
#....##.###.>.........
#.......##...........
#...@5..#.........††.
##.................>.
#..###......#...##..
#.... #......#....##.
....#. ##.............
....# .
#.............# #...#
................# #...
..............#..
................#..


You could see Grinder.

Vanquished Creatures
  A phantom (D:5)
  A hound (D:5)
  4 gnolls
  4 adders
  A worm (D:2)
  4 dart slugs
  An orc (D:2)
  An endoplasm (D:1)
  5 goblins
  7 hobgoblins
  3 jackals (D:1)
  4 quokkas (D:2)
  6 ball pythons
  7 bats
  5 frilled lizards
  3 kobolds
  3 rats (D:1)
60 creatures vanquished.

Notes
Turn   | Place    | Note
-------+----------+-------------------------------------------
     0 | D:1      | Omnicron the Minotaur Berserker began the quest for the
                  | Orb.
     0 | D:1      | Reached XP level 1. HP: 19/19 MP: 0/0
   316 | D:1      | Reached XP level 2. HP: 27/27 MP: 1/1
   592 | D:1      | Reached XP level 3. HP: 33/33 MP: 2/2
  1414 | D:2      | Reached ** piety under Trog
  1415 | D:2      | Reached XP level 4. HP: 38/40 MP: 3/3
  2073 | D:2      | Identified the +8 short sword of Oenomania {vorpal, rC+
                  | Int+4}
  2385 | D:3      | You fall into a shaft and drop 3 floors!
  2397 | D:6      | Noticed an ice beast
  2406 | D:5      | Entered Level 5 of the Dungeon
  2406 | D:5      | Noticed a phantom
  2409 | D:5      | Reached XP level 5. HP: 47/47 MP: 4/4
  2413 | D:5      | Killed a phantom
  2414 | D:5      | Reached skill level 5 in Fighting
  2414 | D:5      | Reached skill level 5 in Axes
  2429 | D:5      | Noticed Grinder
  2432 | D:5      | Paralysed by Grinder for 4 turns
  2440 | D:5      | Slain by Grinder

Illustrated notes

Levels and vault maps discovered:
D:1:      minmay_arrival_doors, layout_basic, serial_aquarium,
          aquarium_bridge_long_joined [aquarium_subvault_window,
          aquarium_subvault_balcony, aquarium_subvault_wall,
          aquarium_subvault_window, aquarium_subvault_balcony,
          aquarium_subvault_bridge], aquarium_window_2, aquarium_window_fake,
          aquarium_view_2f
D:2:      layout_basic, chequers_jeans
D:3:      layout_basic, hellmonk_ecumenical_altar_run_dry, portal_sewer_entry_e
D:5:      layout_cave_pools, chequers_serial_rivers_small_a, uniq_grinder
D:6:      layout_rooms, minmay_temple_entry_fiery

Skill      XL: |  1  2  3  4  5 |
---------------+----------------+-----
Fighting       | 4 5 |  5.0
Axes           | 4 5 |  5.0
Armour         | 3 4 |  4.2
Dodging        | 3 |  3.9

Action                   |  1- 3 |  4- 6 || total
-------------------------+-------+-------++-------
Melee: Hand axe          |    78 |    54 ||   132
       Headbutt          |    10 |     8 ||    18
       Punch             |     1 |       ||     1
Invok: Berserk           |     2 |     2 ||     4
  Use: Potion            |       |     1 ||     1
Armor: Animal skin       |     5 |       ||     5
       Leather armour    |    12 |    14 ||    26
Dodge: Dodged            |    57 |    38 ||    95
